 Dungeon Crawl Stone Soup version 0.32-a0-450-g080537f31e (webtiles) character file.

Game seed: 14761488507821554691

89 Aneyh the Slasher (level 4, -2/30 HPs)
             Began as a Tengu Monk on Feb 23, 2024.
             Slain by a goblin
             ... wielding a +1 dagger of freezing
             ... led by Robin
              (3 damage)
             ... on level 3 of the Dungeon.
             The game lasted 00:03:58 (1670 turns).

Aneyh the Slasher (Tengu Monk)                      Turns: 1670, Time: 00:04:01

Health: -2/30      AC:  3    Str: 11    XL:     4   Next: 55%
Magic:  5/5        EV: 13    Int: 12    God:
Gold:   120        SH:  0    Dex: 17    Spells: 3/3 levels left

rFire   . . .        a - +1 short sword (venom)
rCold   . . .        (no shield)
rNeg    . . .        f - +0 leather armour
rPois   .            (helmet restricted)
rElec   .            (no cloak)
rCorr   .            (no gloves)
SInv    .            (boots unavailable)
Will    .....        (no amulet)
Stlth   +            (no ring)
HPRegen 0.25/turn    (no ring)
MPRegen 0.09/turn

%: acrobat
@: no status effects
A: beak, talons 3, acrobatic
a: no special abilities


You were on level 3 of the Dungeon.
You visited 1 branch of the dungeon, and saw 3 of its levels.

You collected 120 gold pieces.

Inventory:

Hand Weapons
 a - a +1 short sword of venom (weapon)
 b - a +0 arbalest
 i - a +0 flail
 k - a +0 spear
 m - a +0 falchion
 u - a +0 orcbow
 v - a +0 dire flail
Armour
 d - an orb of light
 f - a +0 leather armour (worn)
 r - a +0 robe
Jewellery
 s - a ring of protection from fire
Wands
 t - a wand of flame (12)
Scrolls
 h - a scroll of vulnerability {unknown}
 j - 2 scrolls of brand weapon
 p - a scroll of butterflies {unknown}
Potions
 c - 2 potions of ambrosia
 e - 2 potions of enlightenment
 g - 2 potions of attraction
 l - 2 potions of might {unknown}
 n - 2 potions of curing {unknown}
 o - a potion of resistance {unknown}
 q - a potion of magic {unknown}


   Skills:
 * Level 4.3 Fighting
 + Level 4.4 Long Blades
 - Level 3.4 Dodging


You had 3 spell levels left.
You didn't know any spells.
Your spell library was empty.

Dungeon Overview and Level Annotations

Branches:
Dungeon (3/15)

Altars:

Annotations:
D:3 Robin


Innate Abilities, Weirdness & Mutations

You have a beak for a mouth.
You have claws for feet.
You can magically evade attacks while moving or waiting.


Message History

The goblins go into a battle-frenzy!
The goblin attacks as it pursues you! The goblin hits you but does no damage.
The hobgoblin attacks as it pursues you!
The hobgoblin closely misses you. The goblin attacks as it pursues you!
The goblin completely misses you.
The hobgoblin attacks as it pursues you!
The hobgoblin hits you but does no damage.
The goblin attacks as it pursues you! The goblin completely misses you.
The hobgoblin attacks as it pursues you!
The hobgoblin closely misses you. The goblin attacks as it pursues you!
The goblin completely misses you. The goblin attacks as it pursues you!
The goblin completely misses you. The goblin attacks as it pursues you!
The goblin barely misses you.
There is a stone staircase leading up here.
The goblin hits you but does no damage.
You climb upwards.
There is a stone staircase leading down here.
Your +1 short sword of venom begins to drip with poison!
a - a +1 short sword of venom (weapon)
The goblin closely misses you.
You barely miss the goblin. Your kick misses the goblin.
The goblin is heavily wounded.
You hit the goblin.
You kill the goblin!
No target in view!
You climb downwards.
Level annotation: Robin The goblin hits you with a +0 club.
The hobgoblin hits you but does no damage.
The goblin hits you with a +1 dagger of freezing.
The goblin freezes you. The hobgoblin closely misses you.
The goblin hits you with a +0 club. The goblin closely misses you.
There is a stone staircase leading up here.
The hobgoblin hits you. The goblin hits you with a +0 club.
* * * LOW HITPOINT WARNING * * *
Robin roars a battlecry!
The goblin hits you with a +1 dagger of freezing.
* * * LOW HITPOINT WARNING * * *
The goblin freezes you.
You die...

##...####.#########
#....#.........###
##....##....g...##
#.ß...g..g.......
##.....#..........
#....#.#.#####'###
##..g##.#.#####.###
#.gg.#..#.........#
#g@.##..###.###.#.#
#..†#...###.###.#.#
#####..............
##......##.....
#..##..##.#..#
#.............
#...#..##.#..#
#...#..##.#..#
#...#..##.#..#


You could see Robin, a hobgoblin (strong) and 3 goblins.

Vanquished Creatures
  3 adders
  3 dart slugs
  A ribbon worm (D:2)
  7 endoplasms
  3 giant cockroaches
  7 goblins
  8 hobgoblins
  2 jackals (D:1)
  4 ball pythons
  3 bats
  3 frilled lizards
  6 kobolds (D:2)
  2 rats (D:2)
52 creatures vanquished.

Notes
Turn   | Place    | Note
-------+----------+-------------------------------------------
     0 | D:1      | Aneyh the Tengu Monk began the quest for the Orb.
     0 | D:1      | Reached XP level 1. HP: 14/14 MP: 2/2
   160 | D:1      | Reached XP level 2. HP: 19/19 MP: 3/3
   584 | D:2      | Reached XP level 3. HP: 24/24 MP: 4/4
   868 | D:2      | Reached XP level 4. HP: 28/29 MP: 5/5
  1600 | D:3      | Noticed Robin
  1670 | D:3      | HP: 1/30 [goblin/+1 dagger of freezing[Robin] (6)]
  1670 | D:3      | Slain by a goblin

Illustrated notes

Levels and vault maps discovered:
D:1:      erik_arrival_cave_to_civilisation [erik_arrival_cave_to_hall],
          layout_rooms
D:2:      layout_basic, st_stairs_1
D:3:      layout_basic, grunt_ministairs_12, corner_web_ring,
          nrook_loot_triangle, nicolae_elevator_lobby_plus, uniq_robin

Skill      XL: |  1  2  3 |
---------------+----------+-----
Long Blades    | 4 |  4.4
Fighting       | 4 |  4.3
Dodging        | |  3.4

Action                     |  1- 3 |  4- 6 || total
---------------------------+-------+-------++-------
  Melee: Falchion          |    71 |       ||    71
         Peck              |     9 |     2 ||    11
         Kick              |    13 |     4 ||    17
         Short sword       |    11 |    16 ||    27
   Fire: Arbalest          |       |    12 ||    12
         Orcbow            |       |     2 ||     2
    Use: Scroll            |     3 |       ||     3
   Stab: Sleeping          |     1 |     3 ||     4
 Armour: Leather armour    |    31 |    18 ||    49
         Robe              |     2 |       ||     2
  Dodge: Dodged            |    55 |    26 ||    81

Table legend: (Time is in decaauts)
 A = Elapsed time spent in this place.
 B = Non-inter-level travel time spent in this place.
 C = Inter-level travel time spent in this place.
 D = Time resting spent in this place.
 E = Time spent auto-exploring this place.
 F = Levels seen in this place.
 G = Mean time per level.
                   A        B        C        D        E       F      G
               +--------+--------+--------+--------+--------+-----+--------+
         Total |   1684 |   1557 |    127 |     89 |   1054 |   3 |  561.3 |
       Dungeon |   1684 |   1557 |    127 |     89 |   1054 |   3 |  561.3 |
               +--------+--------+--------+--------+--------+-----+--------+

Top non-repeatable levels by time:
     D:2: 605 daAuts
     D:1: 582 daAuts
     D:3: 497 daAuts
